 Dungeon Crawl Stone Soup version 0.29-a0-317-gd16b76e6b1 (webtiles) character file.

Game seed: 10020858859944602472

1649 Dabor the Wallflower (level 8, -11/61 HPs)
             Began as a Demonspawn Transmuter on Apr 1, 2022.
             Was a Follower of Uskayaw.
             Mangled by an orc wizard
             ... wielding a +2 dagger of electrocution
              (20 damage)
             ... on level 5 of the Dungeon.
             The game lasted 00:07:50 (5918 turns).

Dabor the Wallflower (Demonspawn Transmuter)        Turns: 5918, Time: 00:07:51

Health: -11/61     AC:  5    Str: 12    XL:     8   Next: 67%
Magic:  14/14      EV: 26    Int: 16    God:    Uskayaw [*.....]
Gold:   245        SH:  0    Dex: 13    Spells: 12/15 levels left

rFire   . . .      SeeInvis .   s - +1 scythe (venom)
rCold   . . .      Faith    .   (shield currently unavailable)
rNeg    . . .      Spirit   .   a - +0 robe
rPois   .          Reflect  .   (helmet currently unavailable)
rElec   .          Harm     .   c - +1 cloak
rCorr   .          Rampage  .   (no gloves)
Will    .....                   (boots currently unavailable)
Stlth   +.........              (no amulet)
HPRegen 0.20/turn               y - +4 ring of evasion
MPRegen 0.14/turn               r - +4 ring of evasion

@: agile, appendages, wereblooded
A: horns 2, talons 2, powered by pain 2, sharp scales 1, weakness stinger 1
a: End Transformation, Renounce Religion, Stomp


You were on level 5 of the Dungeon.
You worshipped Uskayaw.
Uskayaw was noncommittal.
You had temporarily grown beastly horns and talons.
You visited 1 branch of the dungeon, and saw 5 of its levels.

You collected 245 gold pieces.

Inventory:

Hand Weapons
 s - a +1 scythe of venom (weapon)
Missiles
 k - 6 poisoned darts (quivered)
 n - a throwing net
Armour
 a - a +0 robe (worn)
 c - a +1 cloak (worn)
 e - a +0 helmet (melded)
Jewellery
 i - a ring of poison resistance
 r - a +4 ring of evasion (right hand)
 t - a ring of flight
 y - a +4 ring of evasion (left hand)
Wands
 m - a wand of paralysis (3)
Scrolls
 b - a scroll of vulnerability {unknown}
 d - 4 scrolls of magic mapping
 f - 6 scrolls of identify
 h - 2 scrolls of immolation
 j - a scroll of amnesia {unknown}
 l - a scroll of teleportation {unknown}
 o - a scroll of fear {unknown}
 v - 2 scrolls of enchant weapon {unknown}
 w - 2 scrolls of blinking {unknown}
 x - a scroll of fog {unknown}
Potions
 g - a potion of attraction {unknown}
 p - 3 potions of mutation {unknown}
 q - a potion of lignification
 u - a potion of magic {unknown}


   Skills:
 + Level 4.4 Fighting
 + Level 4.5 Dodging
 + Level 4.8 Unarmed Combat
 + Level 4.4 Spellcasting
 + Level 4.5 Transmutations
 + Level 5.4 Invocations


You had 12 spell levels left.
You knew the following spells:

 Your Spells              Type           Power      Damage    Failure   Level
a - Beastly Appendage     Tmut           34%        N/A       2%          1
b - Wereblood             Tmut           17%        N/A       3%          2

Your spell library contained the following spells:

 Spells                   Type           Power      Damage    Failure   Level
 Summon Small Mammal      Summ           12%        N/A       16%         1
 Spider Form              Tmut/Pois      10%        N/A       19%         3
 Call Canine Familiar     Summ           3%         N/A       43%         3
 Summon Guardian Golem    Hex/Summ       3%         N/A       43%         3
 Ice Form                 Ice/Tmut       10%        N/A       54%         4


Dungeon Overview and Level Annotations

Branches:
Dungeon (5/15)
 Temple: D:4-7

Altars:
Uskayaw
Yredelemnul


Innate Abilities, Weirdness & Mutations

You have temporarily grown beastly horns and talons.
You sometimes gain power by taking damage.
You are partially covered in razor-sharp scales. (AC +1, Slay +1)
You have a small tail.


Message History

The orc shouts!
There are monsters nearby!
There are monsters nearby!
There are monsters nearby!
There are monsters nearby!
Casting: Wereblood (safe; 3% risk of failure)
Confirm with . or Enter, or press ? or * to list all spells.
Your blood is infused with primal strength.
The orc wizard shouts!
An orc comes into view. It is wielding a +0 club.
Casting: Wereblood (safe; 3% risk of failure)
Confirm with . or Enter, or press ? or * to list all spells.
You grow a pair of large bovine horns.
Your feet morph into talons.
Your +0 helmet melds into your body.
The orc wizard casts a spell.
The orc wizard flickers and vanishes!
Deactivating autopickup; reactivate with Ctrl-A.
You hit the orc but do no damage.
The orc is poisoned.
You claw the orc, but do no damage. The orc completely misses you.
You slash the orc!
You kill the orc!
The orc misses you.
The orc priest invokes the aid of Beogh against you.
Beogh smites you! The orc closely misses you.
You closely miss the orc. Your kick misses the orc.
The orc priest looks encouraged for a moment.
The orc hits you with a +0 morningstar!
You closely miss the orc. You claw the orc.
The orc is moderately wounded.
The orc misses you. Something hits you but does no damage.
You are electrocuted!!
You focus on the pain.
You feel your power returning.
The orc priest mumbles some strange prayers to Beogh against you.
Beogh smites you!
* * * LOW HITPOINT WARNING * * *
You focus on the pain.
You feel agile all of a sudden. Something hits you.
* * * LOW HITPOINT WARNING * * *
You are electrocuted!!
You die...

.#.# #.#.#
.#.###.#.# #
♣...♣ #
.#....)#.#
.......
.#######.#
.♣...♣.
.........#
.....
#############
♣...♣
............#


oo. ###########.####'# #....o@# ######## You could see an orc priest and 2 orcs.

Vanquished Creatures
  Grinder (D:4)
  Sigmund (D:3)
  A water moccasin (D:5)
  A sky beast (D:5)
  An ogre (D:3)
  A centaur (D:5)
  2 phantoms
  A bullfrog (D:4)
  4 scorpions
  A jelly (D:4)
  3 orc priests
  Natasha (twice) (D:4)
  Terence (D:2)
  2 orc wizards
  Robin (D:4)
  10 adders
  An ufetubus (D:5)
  2 worms (D:2)
  3 dart slugs
  20 orcs
  6 bats
  2 endoplasms (D:2)
  3 giant cockroaches
  10 goblins
  7 hobgoblins
  6 jackals
  5 ball pythons
  A frilled lizard (D:3)
  11 kobolds
  4 rats
  A spectral orc (D:5)
115 creatures vanquished.

Vanquished Creatures (others)
  A plant (D:5)
  7 toadstools (D:1)
8 creatures vanquished.

Grand Total: 123 creatures vanquished

Notes
Turn   | Place    | Note
-------+----------+-------------------------------------------
     0 | D:1      | Dabor the Demonspawn Transmuter began the quest for the
                  | Orb.
     0 | D:1      | Reached XP level 1. HP: 15/15 MP: 3/3
   190 | D:1      | Found a faded altar of an unknown god.
   248 | D:1      | Prayed at the altar of an unknown god.
   248 | D:1      | Became a worshipper of Uskayaw the Reveller
   248 | D:1      | Reached * piety under Uskayaw
   523 | D:1      | Reached ** piety under Uskayaw
   524 | D:1      | Gained mutation: You have a small tail. [demonic ancestry]
   524 | D:1      | Reached XP level 2. HP: 21/21 MP: 3/5
   529 | D:1      | Learned a level 2 spell: Wereblood
  1271 | D:2      | Gained mutation: You are partially covered in razor-sharp
                  | scales. (AC +1, Slay +1) [demonic ancestry]
  1271 | D:2      | Reached XP level 3. HP: 21/26 MP: 6/6
  1464 | D:2      | Reached skill level 1 in Invocations
  1576 | D:2      | Noticed Terence
  1590 | D:2      | Killed Terence
  1591 | D:2      | Reached XP level 4. HP: 11/33 MP: 4/7
  2268 | D:3      | Noticed an ogre
  2406 | D:3      | Reached *** piety under Uskayaw
  2409 | D:3      | Reached skill level 2 in Invocations
  2409 | D:3      | Gained mutation: You sometimes gain a little power by
                  | taking damage. [demonic ancestry]
  2409 | D:3      | Reached XP level 5. HP: 9/38 MP: 3/9
  2787 | D:3      | Killed an ogre
  2904 | D:3      | Reached XP level 6. HP: 36/46 MP: 7/10
  2904 | D:3      | Noticed Sigmund
  2913 | D:3      | Reached **** piety under Uskayaw
  2915 | D:3      | Reached ***** piety under Uskayaw
  2916 | D:3      | Killed Sigmund
  2917 | D:3      | Reached skill level 3 in Invocations
  3445 | D:4      | Gained mutation: You sometimes gain power by taking damage.
                  | [demonic ancestry]
  3445 | D:4      | Reached XP level 7. HP: 40/52 MP: 12/12
  3905 | D:4      | Noticed Robin
  3914 | D:4      | Killed Robin
  4021 | D:4      | Noticed Grinder
  4034 | D:4      | Paralysed by Grinder for 3 turns
  4035 | D:4      | Reached skill level 4 in Invocations
  4037 | D:4      | Paralysed by Grinder for 3 turns
  4042 | D:4      | Paralysed by Grinder for 5 turns
  4048 | D:4      | Killed Grinder
  4670 | D:4      | Noticed Natasha
  4679 | D:4      | Killed Natasha
  4789 | D:4      | Reached XP level 8. HP: 60/60 MP: 13/13
  4910 | D:4      | Noticed Natasha
  4913 | D:4      | Killed Natasha
  4946 | D:5      | Entered Level 5 of the Dungeon
  5208 | D:5      | Reached skill level 5 in Invocations
  5756 | D:5      | Found a basalt altar of Yredelemnul.
  5918 | D:5      | Mangled by an orc wizard

Illustrated notes

Levels and vault maps discovered:
D:1:      nagdon_arrival_zigzag_paths, layout_basic,
          shapermc_ecumenical_altar_venn
D:2:      layout_loops_cross, uniq_terence
D:3:      layout_rooms, hangedman_abyss_or_decor_stabs, uniq_sigmund
D:4:      layout_loops_corners, uniq_natasha, uniq_grinder, uniq_robin
D:5:      layout_basic, yredelemnul_forgotten_temple_becter,
          minmay_misc_feat_chi, grunt_ministairs_3, corexii_shack,
          minmay_misc_feat_alley

Skill      XL: |  1  2  3  4  5  6  7  8 |
---------------+-------------------------+-----
Dodging        | 2 3 4 |  4.5
Transmutations | 2 3 4 |  4.5
Unarmed Combat | 3 4 |  4.8
Invocations    | 1 2 3 4 5 |  5.4
Fighting       | 2 3 4 |  4.4
Spellcasting   | 3 4 |  4.4

Action                   |  1- 3 |  4- 6 |  7- 9 || total
-------------------------+-------+-------+-------++-------
Melee: Unarmed           |    80 |    84 |       ||   164
       Kick              |    11 |    19 |    13 ||    43
       Headbutt          |     8 |     6 |     4 ||    18
       Punch             |     5 |     1 |       ||     6
       Tailslap          |    12 |     8 |    20 ||    40
       Scythe            |       |    25 |   163 ||   188
Throw: Dart              |       |       |     5 ||     5
 Cast: Beastly Appendage |    14 |    16 |     7 ||    37
       Wereblood         |       |     5 |    10 ||    15
Evoke: Wand              |       |     1 |     1 ||     2
  Use: Scroll            |     5 |       |       ||     5
       Potion            |     1 |       |     4 ||     5
 Stab: Sleeping          |     2 |       |     1 ||     3
       Paralysed         |       |     5 |     2 ||     7
Armor: Robe              |    15 |    39 |    50 ||   104
       Skin              |     2 |       |       ||     2
Dodge: Dodged            |    44 |    89 |   228 ||   361

Table legend: (Time is in decaauts)
 A = Elapsed time spent in this place.
 B = Non-inter-level travel time spent in this place.
 C = Inter-level travel time spent in this place.
 D = Time resting spent in this place.
 E = Time spent auto-exploring this place.
 F = Levels seen in this place.
 G = Mean time per level.
                   A        B        C        D        E       F      G
               +--------+--------+--------+--------+--------+-----+--------+
         Total |   6093 |   5859 |    234 |    756 |   3960 |   5 | 1218.6 |
       Dungeon |   6093 |   5859 |    234 |    756 |   3960 |   5 | 1218.6 |
               +--------+--------+--------+--------+--------+-----+--------+

Top non-repeatable levels by time:
     D:4: 1687 daAuts
     D:1: 1345 daAuts
     D:5: 1063 daAuts
     D:3: 1059 daAuts
     D:2: 937 daAuts
